 Dungeon Crawl Stone Soup version 0.29.1-1-gd02db6906a (webtiles) character file.

Game seed: 14612710107814054577

6942 GandalfHyperdrive the Geomancer (level 11, -30/54 HPs)
             Began as a Gargoyle Earth Elementalist on Sept 18, 2022.
             Was an Elder of Vehumet.
             Hit by a large rock thrown by a cyclops (46 damage)
             ... on level 9 of the Dungeon.
             The game lasted 01:03:34 (10956 turns).

GandalfHyperdrive the Geomancer (GrEE)             Turns: 10956, Time: 01:03:39

Health: -30/54     AC: 12    Str: 12    XL:     11   Next: 7%
Magic:  14/24      EV: 11    Int: 20    God:    Vehumet [****..]
Gold:   430        SH:  0    Dex: 10    Spells: 12/29 levels left

rFire   . . .      SeeInvis .   J - +1 flail (holy)
rCold   . . .      Faith    .   (no shield)
rNeg    + + .      Spirit   .   a - +0 robe
rPois   ∞          Reflect  .   (no helmet)
rElec   +          Harm     .   C - +0 cloak {rCorr}
rCorr   +          Rampage  .   y - +0 pair of gloves
Will    .....                   (no boots)
Stlth   ++........              H - amulet of regeneration
HPRegen 0.98/turn               P - ring of positive energy
MPRegen 0.19/turn               l - +4 ring of slaying

@: no status effects
A: sickness immunity, AC +8, negative energy resistance 1, electricity
resistance, torment resistance 1, petrification resistance
a: Renounce Religion


You were on level 9 of the Dungeon.
You worshipped Vehumet.
Vehumet was greatly pleased with you.
You visited 1 branch of the dungeon, and saw 9 of its levels.
You also visited: Sewer.

You collected 430 gold pieces.

Inventory:

Hand Weapons
 m - a +0 mace
 w - a +5 great sword
 x - a +0 flail of venom
 B - a +2 quarterstaff of chaos
 J - a +1 flail of holy wrath (weapon)
 M - a +3 short sword
 U - a +3 long sword of freezing
 V - a +4 hand axe of freezing
Missiles
 f - 9 boomerangs
 g - 31 poisoned darts
 j - 81 stones
 K - a throwing net
 W - 3 large rocks
Armour
 a - a +0 robe (worn)
 d - a +0 cloak
 i - an orb of mayhem
 y - a +0 pair of gloves (worn)
 C - a +0 cloak of preservation (worn)
 I - +0 acid dragon scales
 O - a +0 pair of gloves
 Q - an orb of energy
Jewellery
 h - a ring of resist corrosion
 l - a +4 ring of slaying (right hand)
 E - an amulet of reflection
 H - an amulet of regeneration (around neck)
 P - a ring of positive energy (left hand)
 Z - a ring of magical power
Wands
 S - a wand of acid (9)
Scrolls
 c - 2 scrolls of poison {unknown}
 k - 2 scrolls of magic mapping {unknown}
 n - a scroll of enchant armour {unknown}
 o - 2 scrolls of fog {unknown}
 q - 2 scrolls of immolation {unknown}
 r - 2 scrolls of brand weapon {unknown}
 t - a scroll of enchant weapon {unknown}
 D - 2 scrolls of noise {unknown}
 N - a scroll of teleportation {unknown}
 T - 2 scrolls of identify {unknown}
 X - a scroll of fear {unknown}
Potions
 b - 3 potions of might {unknown}
 e - a potion of lignification {unknown}
 p - 2 potions of invisibility {unknown}
 s - a potion of mutation {unknown}
 u - 4 potions of haste {unknown}
 v - 4 potions of cancellation {unknown}
 z - 2 potions of attraction {unknown}
 A - a potion of ambrosia {unknown}
 F - 3 potions of heal wounds {unknown}
 G - a potion of degeneration {unknown}
 L - a potion of brilliance {unknown}
 R - a potion of flight
 Y - a potion of curing


   Skills:
 - Level 1.5 Dodging
 - Level 2.1 Stealth
 + Level 9.6 Spellcasting
 + Level 4.5 Conjurations
 - Level 0.7 Transmutations
 + Level 7.2 Fire Magic
 + Level 12.5 Earth Magic


You had 12 spell levels left.
You knew the following spells:

 Your Spells              Type           Power      Damage    Failure   Level
a - Sandblast             Erth           100%       2d20      1%          1
b - Stone Arrow           Conj/Erth      86%        3d12      1%          3
c - Conjure Flame         Conj/Fire      33%        6-21      1%          3
d - Foxfire               Conj/Fire      100%       2x1d9     1%          1
e - Inner Flame           Hex/Fire       24%        N/A       1%          3
f - Iron Shot             Conj/Erth      21%        9d5       9%          6

Your spell library contained the following spells:

 Spells                   Type           Power      Damage    Failure   Level
 Iskenderun's Mystic Bla  Conj/Tloc      18%        2d6       8%          4
 Passwall                 Tmut/Erth      30%        N/A       1%          2
 Flame Wave               Conj/Fire      33%        2d10      1%          4
 Petrify                  Tmut/Erth      36%        N/A       4%          4
 Summon Small Mammal      Summ           36%        N/A       8%          1
 Iskenderun's Battlesphe  Conj           27%        2d8       9%          5
 Airstrike                Air            4%         2d(1-17)  19%         4
 Lightning Bolt           Conj/Air       9%         1d21      21%         5
 Call Canine Familiar     Summ           9%         N/A       22%         3
 Summon Guardian Golem    Hex/Summ       9%         N/A       22%         3
 Summon Lightning Spire   Summ/Air       9%         N/A       58%         4
 Spellforged Servitor     Conj/Summ      9%         N/A       99%         7


Dungeon Overview and Level Annotations

Branches:
Dungeon (9/15)             Temple (0/1) D:7           Sewer (visited)
   Lair: D:8-11         Orc: D:9-12

Altars:
Dithmenos
Elyvilon
Gozag
Hepliaklqana
Vehumet
Wu Jian


Innate Abilities, Weirdness & Mutations

You are immune to sickness and miasma.
Your stone body is resilient. (AC +8)
You are immune to poison.
You resist negative energy. (rN+)
You are resistant to electric shocks. (rElec)
You are resistant to unholy torment.
You are immune to petrification.


Message History

HP restored.
A cyclops comes into view.
The cyclops shouts!
The cyclops moves out of view.
You start waiting.
A cyclops is nearby!
Casting: Stone Arrow (safe; 1% risk of failure)
Confirm with . or Enter, or press ? or * to list all spells.
You conjure some foxfire!
Casting: Foxfire (safe; 1% risk of failure)
Confirm with . or Enter, or press ? or * to list all spells.
Aiming: Stone Arrow (safe; 1% risk of failure)
Press: ? - help, Shift-Dir - straight line, f - cyclops
Aim: a cyclops, quivering large rocks (ally target, 98% to hit)
The stone arrow hits the cyclops!
The cyclops is moderately wounded.
The foxfire hits the cyclops but does no damage.
The cyclops is moderately wounded.
The foxfire hits the cyclops but does no damage.
The cyclops is moderately wounded.
The cyclops throws a large rock.
The large rock hits you!!!
Ouch! That really hurt!
* * * LOW HITPOINT WARNING * * *
Casting: Stone Arrow (safe; 1% risk of failure)
Confirm with . or Enter, or press ? or * to list all spells.
Aiming: Stone Arrow (safe; 1% risk of failure)
Press: ? - help, Shift-Dir - straight line, f/p - cyclops
Aim: a cyclops, quivering large rocks (moderately wounded, 98% to hit)
The stone arrow hits the cyclops!
The cyclops is heavily wounded.
Casting: Stone Arrow (safe; 1% risk of failure)
Confirm with . or Enter, or press ? or * to list all spells.
Aiming: Stone Arrow (safe; 1% risk of failure)
Press: ? - help, Shift-Dir - straight line, f/p - cyclops
Aim: a cyclops, quivering large rocks (heavily wounded, 98% to hit)
The stone arrow hits the cyclops!
The cyclops is severely wounded.
The cyclops throws a large rock.
The large rock hits you!!!
Ouch! That really hurt!
You die...

#..............# #.....#
###....)........†########.....#
###.............................#
#......#####...#................#
#.##..## ##..'................#
#.#.h## ##.).................
#..W## #................ #...#
###.............. #..##
#@............. ##.## #
#...........### #..##.##.##
###C...).....## #yh.)..y...
.............# ######.....
..........#### .............##
...........# .........#
.........#


You could see a cyclops.

Vanquished Creatures
  A hydra (D:9)
  A two-headed ogre (D:9)
  A centaur warrior (D:9)
  A cyclops (D:8)
  Prince Ribbit (D:8)
  Grinder (D:3)
  A wyvern (D:8)
  A wraith (D:9)
  A steam dragon (D:8)
  A vampire mosquito (D:9)
  An acid dragon (D:9)
  2 water moccasins
  2 ice beasts (D:6)
  A black bear (D:5)
  A sky beast (D:8)
  An ogre (D:7)
  3 centaurs
  A phantom (D:5)
  2 kobold brigands
  3 bullfrogs
  A necrophage (D:7)
  2 scorpions
  3 gnoll sergeants
  9 wights (D:8)
  13 killer bees
  3 howler monkeys
  4 hounds
  2 orc priests
  A gnoll bouda (D:9)
  2 jellies (D:6)
  Crazy Yiuf (D:3)
  2 iguanas
  9 orc wizards
  7 gnolls (D:5)
  7 adders
  6 river rats (Sewer)
  2 white imps
  4 dart slugs
  A worm (D:2)
  19 orcs
  8 endoplasms
  3 giant cockroaches
  6 goblins
  8 hobgoblins
  8 quokkas
  6 ball pythons
  6 bats
  A frilled lizard (D:2)
  19 kobolds
  18 rats
208 creatures vanquished.

Vanquished Creatures (collateral kills)
  4 gnolls (D:5)
  A river rat (Sewer)
  A ball python (Sewer)
  A bat (D:3)
  2 frilled lizards (Sewer)
  5 kobolds (Sewer)
  10 rats
24 creatures vanquished.

Vanquished Creatures (others)
  A gnoll (D:5)
  2 orcs (D:8)
  A ball python (Sewer)
  A kobold (Sewer)
  A rat (Sewer)
  66 foxfires
  A fungus (D:3)
  A plant (D:1)
  3 withered plants (D:1)
77 creatures vanquished.

Grand Total: 309 creatures vanquished

Notes
Turn   | Place    | Note
-------+----------+-------------------------------------------
     0 | D:1      | GandalfHyperdrive the Gargoyle Earth Elementalist began the
                  | quest for the Orb.
     0 | D:1      | Reached XP level 1. HP: 10/10 MP: 3/3
   519 | D:1      | Reached XP level 2. HP: 15/15 MP: 3/5
   524 | D:1      | Reached skill level 4 in Earth Magic
  1068 | D:1      | Found a faded altar of an unknown god.
  1489 | D:2      | Reached XP level 3. HP: 12/19 MP: 3/6
  2162 | D:3      | Learned a level 3 spell: Stone Arrow
  2197 | D:3      | Found a radiant altar of Vehumet.
  2205 | D:3      | Became a worshipper of Vehumet
  2344 | D:3      | Found a glowing drain.
  2405 | D:3      | Found a runed translucent door.
  2406 | D:3      | Noticed Crazy Yiuf
  2448 | D:3      | Reached XP level 4. HP: 24/24 MP: 6/8
  2454 | Sewer    | Entered a sewer
  2487 | Sewer    | Reached skill level 5 in Earth Magic
  2927 | Sewer    | Reached * piety under Vehumet
  2927 | Sewer    | Offered knowledge of Shock by Vehumet.
  2990 | Sewer    | Reached XP level 5. HP: 28/28 MP: 6/10
  3214 | Sewer    | Noticed a kobold brigand
  3216 | Sewer    | Offered knowledge of Static Discharge by Vehumet.
  3224 | Sewer    | Killed a kobold brigand
  3224 | Sewer    | Reached ** piety under Vehumet
  3225 | Sewer    | Reached skill level 6 in Earth Magic
  3225 | Sewer    | Reached XP level 6. HP: 9/32 MP: 5/12
  4152 | D:3      | Noticed Grinder
  4160 | D:3      | Killed Grinder
  4161 | D:3      | Reached skill level 5 in Spellcasting
  4161 | D:3      | Reached skill level 7 in Earth Magic
  4161 | D:3      | Reached XP level 7. HP: 31/36 MP: 9/14
  4462 | D:3      | Killed Crazy Yiuf
  4897 | D:4      | Found an opulent altar of Gozag.
  4957 | D:4      | Found an ornate altar of the Wu Jian Council.
  5046 | D:4      | Offered knowledge of Poisonous Vapours by Vehumet.
  5326 | D:5      | Entered Level 5 of the Dungeon
  5478 | D:5      | Reached skill level 8 in Earth Magic
  5511 | D:5      | Reached XP level 8. HP: 41/41 MP: 11/16
  5661 | D:5      | Reached *** piety under Vehumet
  6167 | D:5      | Found a white marble altar of Elyvilon.
  6411 | D:6      | Found a hazy altar of Hepliaklqana.
  6418 | D:6      | Learned a level 3 spell: Conjure Flame
  6420 | D:6      | Learned a level 1 spell: Foxfire
  6424 | D:6      | Learned a level 3 spell: Inner Flame
  6496 | D:6      | Reached skill level 9 in Earth Magic
  6747 | D:6      | Reached skill level 1 in Fire Magic
  7542 | D:6      | Reached XP level 9. HP: 28/45 MP: 12/19
  7920 | D:7      | Offered knowledge of Fulminant Prism by Vehumet.
  7949 | D:7      | Reached skill level 10 in Earth Magic
  8111 | D:7      | Found a shadowy altar of Dithmenos.
  8238 | D:7      | Found a staircase to the Ecumenical Temple.
  8350 | D:7      | Learned a level 6 spell: Iron Shot
  8652 | D:8      | Reached **** piety under Vehumet
  8766 | D:7      | Offered knowledge of Iskenderun's Mystic Blast by Vehumet.
  8793 | D:8      | Noticed Prince Ribbit
  9019 | D:8      | Reached skill level 11 in Earth Magic
  9097 | D:8      | Reached skill level 5 in Fire Magic
  9102 | D:8      | Killed Prince Ribbit
  9103 | D:8      | Reached XP level 10. HP: 48/50 MP: 16/22
  9678 | D:8      | Reached skill level 1 in Conjurations
  9726 | D:8      | Noticed a cyclops
  9740 | D:8      | Killed a cyclops
 10610 | D:9      | Noticed a two-headed ogre
 10612 | D:9      | Noticed a centaur warrior
 10618 | D:9      | Killed a two-headed ogre
 10619 | D:9      | Reached skill level 12 in Earth Magic
 10653 | D:9      | Killed a centaur warrior
 10820 | D:9      | Noticed a five-headed hydra
 10827 | D:9      | Killed a five-headed hydra
 10828 | D:9      | Reached XP level 11. HP: 29/54 MP: 7/24
 10946 | D:9      | Noticed a cyclops
 10956 | D:9      | Hit by a large rock thrown by a cyclops

Illustrated notes

Levels and vault maps discovered:
D:1:      eino_arrival_druids_welcome, layout_basic,
          ebering_ecumenical_altar_petrified, st_stairs_9, serial_bayou_ford_a,
          minmay_parallelograms
D:2:      layout_basic
D:3:      layout_basic, mainiacjoe_overflow_six_doors_small,
          portal_sewer_entry_f, uniq_crazy_yiuf_cottage, uniq_grinder
D:4:      layout_loops_ring, mainiacjoe_overflow_cross_hatched,
          overflow_temple_1_default, minmay_door_square,
          nicolae_elevator_lobby_plus
D:5:      layout_rooms, mainiacjoe_overflow_small_starburst
D:6:      layout_layer_cave, old_standard_altar
D:7:      layout_rooms, nicolae_dithmenos_shadow_blocks,
          minmay_temple_entry_antechambers, hangedman_decor_diamond_cutter
D:8:      layout_rooms, uniq_prince_ribbit1
D:9:      minmay_bubble_buster, layout_irregular_city,
          mainiacjoe_overflow_surrounded_room, minmay_ruined_shrine

Skill      XL: |  1  2  3  4  5  6  7  8  9 10 |
---------------+-------------------------------+-----
Earth Magic    | 4 5 6 7 8 9 11 12 | 12.5
Spellcasting   | 3 4 5 7 8 9 |  9.6
Fire Magic     | 2 5 7 |  7.2
Conjurations   | 4 |  4.5
Dodging        | |  1.5
Stealth        | |  2.1
Transmutations | |  0.7

Action                   |  1- 3 |  4- 6 |  7- 9 | 10-12 || total
-------------------------+-------+-------+-------+-------++-------
Melee: Unarmed           |    47 |       |       |       ||    47
       Punch             |     1 |       |       |       ||     1
       Mace              |     2 |     1 |       |       ||     3
       Flail             |       |       |     5 |     4 ||     9
 Cast: Sandblast         |    55 |    88 |    99 |    23 ||   265
       Stone Arrow       |       |       |    50 |    47 ||    97
       Foxfire           |       |       |    20 |    17 ||    37
       Conjure Flame     |       |       |     4 |     6 ||    10
  Use: Potion            |       |     5 |     4 |     1 ||    10
 Stab: Sleeping          |     1 |       |       |       ||     1
Armor: Robe              |    23 |    17 |    42 |    31 ||   113
Dodge: Dodged            |    38 |    26 |    56 |    40 ||   160
Block: Orb               |       |       |     2 |       ||     2
